 Dungeon Crawl Stone Soup version 0.31-a0-188-g5e087ee2ca (webtiles) character file.

Game seed: 4886946522476166103

32 qw the Shooter (level 3, -1/20 HPs)
             Began as a Deep Elf Hunter on June 23, 2023.
             Slain by a hobgoblin (2 damage)
             ... on level 2 of the Dungeon.
             The game lasted 00:00:18 (811 turns).

qw the Shooter (Deep Elf Hunter)                     Turns: 811, Time: 00:00:19

Health: -1/20      AC:  6    Str: 10    XL:     3   Next: 10%
Magic:  5/5        EV:  9    Int: 13    God:
Gold:   48         SH:  0    Dex: 18    Spells: 2/2 levels left

rFire   . . .        Y - +0 shortbow
rCold   . . .        (shield currently unavailable)
rNeg    . . .        f - +0 scale mail
rPois   .            (no helmet)
rElec   .            (no cloak)
rCorr   .            (no gloves)
SInv    +            (no boots)
Will    .....        (no amulet)
Stlth   +            h - ring of see invisible
HPRegen 0.23/turn    (no ring)
MPRegen 0.09/turn

%: no passive effects
@: lethally poisoned (-1 -> -2)
A: no striking features
a: no special abilities


You were on level 2 of the Dungeon.
You visited 1 branch of the dungeon, and saw 2 of its levels.

You collected 48 gold pieces.


   Skills:
 - Level 1.5 Fighting
 + Level 6.7 Ranged Weapons
 - Level 2.4 Dodging
 - Level 1.2 Stealth


You had 2 spell levels left.
You didn't know any spells.
Your spell library was empty.

Inventory:

Hand Weapons
 Y - a +0 shortbow (weapon)
Armour
 f - a +0 scale mail (worn)
Jewellery
 h - a ring of see invisible (left hand)
Scrolls
 a - a scroll of identify
Potions
 d - a potion of curing
 g - a potion of cancellation {unknown}

Dungeon Overview and Level Annotations

Branches:
Dungeon (2/15)

Altars:


Message History

The arrow hits the giant cockroach!
You kill the giant cockroach!
The hobgoblin barely misses you. The adder barely misses you. x2
The hobgoblin hits you but does no damage.
The adder bites you but does no damage.
You shoot an arrow. The arrow closely misses the adder.
The arrow closely misses the kobold.
The adder closely misses you.
The adder bites you but does no damage. x2
The hobgoblin hits you but does no damage.
You shoot an arrow. The arrow hits the adder.
The adder is almost dead.
The adder misses you. The adder bites you but does no damage.
The hobgoblin closely misses you. The adder barely misses you.
The adder bites you but does no damage.
The hobgoblin hits you but does no damage.
You shoot an arrow. The arrow closely misses the adder.
The arrow closely misses the kobold.
The adder barely misses you. The adder bites you but does no damage.
The adder barely misses you. The hobgoblin hits you.
The adder bites you but does no damage.
You shoot an arrow. The arrow closely misses the adder.
The arrow closely misses the kobold.
The adder bites you but does no damage. The adder bites you.
You are poisoned.
The adder poisons you! The hobgoblin hits you. The adder barely misses you.
You shoot an arrow. The arrow closely misses the adder.
The arrow closely misses the kobold.
You feel sick. The adder misses you. The hobgoblin hits you.
The adder barely misses you. The adder closely misses you.
The hobgoblin hits you but does no damage.
The adder bites you.
You shoot an arrow. The arrow completely misses the adder.
The arrow hits the kobold!
You kill the kobold!
You feel sick. The adder bites you. The adder closely misses you.
The adder bites you but does no damage. The hobgoblin hits you.
You shoot an arrow. The arrow closely misses the adder.
You feel sick.
The adder bites you but does no damage. x2
The hobgoblin hits you.
You die...

#........
#......<.
##........
.?.......
....(....
#).......
#Sg[.....
#@S......
#...)....
###........
#...#######
####.###
.#####......#
............#
######......#
#.<....#


You could see 2 adders and a hobgoblin.

Vanquished Creatures
  3 ball pythons (D:1)
  3 endoplasms (D:1)
  4 giant cockroaches
  4 goblins (D:1)
  2 hobgoblins (D:1)
  4 kobolds
  2 bats (D:1)
  A frilled lizard (D:2)
  6 rats
29 creatures vanquished.

Notes
Turn   | Place    | Note
-------+----------+-------------------------------------------
     0 | D:1      | qw the Deep Elf Hunter began the quest for the Orb.
     0 | D:1      | Reached XP level 1. HP: 12/12 MP: 3/3
     0 | D:1      | 0 ||| qw: Version: 0.3-a-9-g12657ce
     0 | D:1      | 0 ||| qw: Game counter: 4379
     0 | D:1      | 0 ||| qw: Always use a shield: true
     0 | D:1      | 0 ||| qw: God list: Okawaru
     0 | D:1      | 0 ||| qw: Allow faded altars: false
     0 | D:1      | 0 ||| qw: Do Orc after D:15 true
     0 | D:1      | 0 ||| qw: Do second Lair branch before Depths: true
     0 | D:1      | 0 ||| qw: Lair rune preference: random
     0 | D:1      | 0 ||| qw: Plans: Normal
     0 | D:1      | 0 ||| PLANNING D:1-11
   189 | D:1      | Reached XP level 2. HP: 16/16 MP: 4/4
   199 | D:1      | Reached skill level 6 in Ranged Weapons
   670 | D:1      | Reached XP level 3. HP: 20/20 MP: 5/5
   733 | D:1      | 733 ||| UPGRADING to +0 scale mail.
   743 | D:1      | 743 ||| DROPPING +0 leather armour.
   744 | D:1      | 744 ||| UPGRADING to ring of see invisible.
   745 | D:1      | 745 ||| READING 3 scrolls labelled WOAN DOPAISCHOSCH.
   746 | D:1      | 746 ||| READING 2 scrolls of identify.
   746 | D:1      | 746 ||| IDENTIFYING viscous ruby potion
   747 | D:1      | 747 ||| DROPPING scroll of butterflies.
   809 | D:2      | HP: 5/20 [adder (1)]
   810 | D:2      | HP: 2/20 [hobgoblin (1)]
   811 | D:2      | Slain by a hobgoblin

Levels and vault maps discovered:
D:1:      tarquinn_simple_flora_water_a, layout_basic, st_stairs_10
D:2:      layout_rooms, minmay_domino_4

Skill      XL: |  1  2 |
---------------+-------+-----
Ranged Weapons | 6 |  6.7
Fighting       | |  1.5
Dodging        | |  2.4
Stealth        | |  1.2

Action                     || total
---------------------------++-------
   Fire: Shortbow          ||    74
    Use: Scroll            ||     2
 Armour: Leather armour    ||     7
         Scale mail        ||    21
  Dodge: Dodged            ||    30

Table legend:
 A = Non-vault XP
 B = Vault XP
 C = Vault XP percentage of total XP
 D = Non-vault monster count
 E = Vault monster count
 F = Vault count percentage of total count
                 A         B        C        D         E       F
            +---------+---------+-------+---------+---------+-------
      Total |      43 |       4 |   8.5 |      26 |       3 |  10.3
            +---------+---------+-------+---------+---------+-------
        D:1 |      38 |       4 |   9.5 |      22 |       3 |  12.0
        D:2 |       5 |       0 |   0.0 |       4 |       0 |   0.0
            +---------+---------+-------+---------+---------+-------
